 Dungeon Crawl Stone Soup version 0.30.0-3-ga4e48a9924 (webtiles) character file.

Game seed: 7742046525052782584

10154 ProzacElf the Prestidigitator (level 11, -1/71 HPs)
             Began as a Human Cinder Acolyte on May 8, 2023.
             Was a High Priest of Ignis.
             Slain by a komodo dragon (26 damage)
             ... on level 1 of the Lair of Beasts.
             The game lasted 00:27:12 (11455 turns).

ProzacElf the Prestidigitator (HuCA)               Turns: 11455, Time: 00:27:12

Health: -1/71      AC: 13    Str: 13 (14) XL:     11   Next: 87%
Magic:  14/14      EV: 14    Int: 11 (13) God:    Ignis [*****.]
Gold:   573        SH:  0    Dex: 17      Spells: 14/14 levels left

rFire   + + .        a - +10 dagger of Doubt {vamp, Fly rPois Str-2 Dex+2}
rCold   . . .        (no shield)
rNeg    . . .        x - +3 leather armour
rPois   +            u - +0 helmet
rElec   .            A - +2 cloak
rCorr   .            j - +0 pair of gloves
SInv    .            S - +0 pair of boots
Will    +....        J - amulet of regeneration
Stlth   ++           w - ring of willpower
HPRegen 1.11/turn    B - ring of protection from fire
MPRegen 0.14/turn

%: no passive effects
@: flying
A: agile 1, deterioration 1, frail 1
a: Renounce Religion, Fiery Armour, Foxfire Swarm, Rising Flame


You were on level 1 of the Lair of Beasts.
You worshipped Ignis.
Ignis was extremely pleased with you.
You visited 2 branches of the dungeon, and saw 10 of its levels.

You collected 612 gold pieces.
You spent 39 gold pieces at shops.

Inventory:

Hand Weapons
 a - the +10 dagger of Doubt (weapon) {vamp, Fly rPois Str-2 Dex+2}
   (You found it on level 3 of the Dungeon)

   Str:       It affects your strength (-2).
   Dex:       It affects your dexterity (+2).
   rPois:     It protects you from poison.
   Fly:       It grants you flight.
 r - a -1 spear of flaming
 v - a +2 sling of freezing
 Q - a +0 broad axe of flaming
Missiles
 n - 6 atropa-tipped darts
 s - 9 boomerangs
 C - 20 poisoned darts (quivered)
 N - 2 curare-tipped darts
Armour
 j - a +0 pair of gloves (worn)
 u - a +0 helmet (worn)
 x - a +3 leather armour (worn)
 A - a +2 cloak (worn)
 R - +0 acid dragon scales
 S - a +0 pair of boots (worn)
Magical Staves
 e - a staff of air
 h - a staff of conjuration {!a}
Jewellery
 w - a ring of willpower (left hand)
 B - a ring of protection from fire (right hand)
 J - an amulet of regeneration (around neck)
 P - a ring of positive energy
 T - a ring of poison resistance
 V - a ring of ice
Wands
 m - a wand of iceblast (15)
 E - a wand of flame (47)
Scrolls
 b - a scroll of fog {unknown}
 d - 2 scrolls of fear
 i - 2 scrolls of amnesia
 l - 2 scrolls of torment
 o - 6 scrolls of teleportation
 q - a scroll of magic mapping
 z - a scroll of poison
 D - 2 scrolls of blinking
 G - a scroll of identify
 I - 2 scrolls of noise {unknown}
 M - 2 scrolls of summoning {unknown}
 U - a scroll of immolation {unknown}
Potions
 c - 3 potions of might {unknown}
 f - 2 potions of flight
 p - a potion of mutation
 t - a potion of attraction {unknown}
 F - a potion of magic
 H - a potion of heal wounds
 L - a potion of curing {unknown}
 O - a potion of cancellation {unknown}
Miscellaneous
 W - a box of beasts


   Skills:
 - Level 5.0 Fighting
 - Level 8.0 Short Blades
 - Level 8.0 Polearms
 + Level 2.2 Throwing
 - Level 5.0 Armour
 - Level 5.0 Dodging
 + Level 2.5 Stealth
 + Level 2.3 Spellcasting
 - Level 5.0 Fire Magic
 - Level 10.0 Evocations


You had 14 spell levels left.
You didn't know any spells.
Your spell library contained the following spells:

 Spells                   Type           Power      Damage    Failure   Level
 Scorch                   Fire           24%        2d6       7%          2
 Necrotise                Necr           4%         1d4       34%         1
 Volatile Blastmotes      Fire/Tloc      12%        2d11      36%         3
 Ensorcelled Hibernation  Hex/Ice        2%         N/A       45%         2
 Dazzling Flash           Conj/Hex       2%         N/A       71%         3
 Ozocubu's Armour         Ice            1%         N/A       71%         3
 Spider Form              Tmut/Pois      1%         N/A       71%         3
 Tukima's Dance           Hex            1%         N/A       71%         3
 Vampiric Draining        Necr           1%         2d6       71%         3
 Anguish                  Hex/Necr       0%         N/A       98%         4
 Iskenderun's Mystic Bla  Conj/Tloc      1%         2d3       98%         4
 Passage of Golubria      Tloc           1%         N/A       98%         4
 Agony                    Necr           1%         N/A       100%        5
 Metabolic Englaciation   Hex/Ice        0%         N/A       100%        5
 Yara's Violent Unravell  Hex/Tmut       0%         3d3       100%        5
 Simulacrum               Ice/Necr       0%         N/A       100%        6
 Starburst                Conj/Fire      3%         6d3       100%        6


Dungeon Overview and Level Annotations

Branches:
Dungeon (9/15)             Temple (0/1) D:5            Lair (1/5) D:9
    Orc: D:9-12

Altars:
Cheibriados
Dithmenos
Elyvilon
Fedhas
Gozag
Kikubaaqudgha
Nemelex Xobeh
Ru
Sif Muna
Wu Jian
Xom
Yredelemnul

Shops:
D:7 ?

Annotations:
D:3 1 runed translucent door, zazu2006's ghost, amateur GnWn
D:6 dig for 2sword
D:7 exclusion: door
D:8 3 runed translucent doors, cheesebisquit's ghost, novice HONe


Innate Abilities, Weirdness & Mutations

You are agile. (Dex +4, Str/Int -1)
Your body sometimes deteriorates upon taking damage.
You are frail. (-10% HP)


Message History

Tha komodo dragon bites ye but does nay damage.
Ye hit tha komodo dragon.
Tha komodo dragon be almost dead.
Tha komodo dragon misses ye.
Ye barely miss tha komodo dragon.
Tha komodo dragon be almost dead.
Ye closely miss tha komodo dragon.
Tha komodo dragon be almost dead.
Tha komodo dragon bites ye!!
Ye take 23 damage, an' haf 48/71 hp.
MASSIVE DAMAGE!!
Ye puncture tha komodo dragon!
Ye kill tha komodo dragon!
Ye puncture tha komodo dragon!
Tha komodo dragon be lightly wounded.
Ye hit tha komodo dragon.
Tha komodo dragon be moderately wounded.
Tha komodo dragon bites ye.
Ye take 2 damage, an' haf 47/71 hp.
Ye hit tha komodo dragon but do nay damage.
Tha komodo dragon be moderately wounded.
Tha komodo dragon bites ye!!
* * * LOW HITPOINT WARNIN'
* * * Yer body deteriorates!
Ye feel dopey.
Ye take 26 damage, an' haf 21/71 hp.
MASSIVE DAMAGE!!
Ye be too injured ta fight recklessly!
Ye be too injured ta fight recklessly!
Ye completely miss tha komodo dragon.
Tha komodo dragon be moderately wounded.
Ye completely miss tha komodo dragon.
Tha komodo dragon be moderately wounded.
Tha komodo dragon misses ye.
Ye hit tha komodo dragon but do nay damage.
Tha komodo dragon be moderately wounded.
Ye hit tha komodo dragon.
Ye feel better.
Tha komodo dragon be moderately wounded.
Tha komodo dragon bites ye but does nay damage.
Ye puncture tha komodo dragon!
Tha komodo dragon be heavily wounded.
Tha komodo dragon bites ye!!
Ye die...

...# ##### ..#... ###...#
......##.#....# ###
#............###.#####
#?......###.P##......#
#.......##.........##.##
...h...........######..#
.##..#...hl#..## #.##
#.........#@### #..#
..#......#### ##.##
........## ## #..# ........#
#...##.###..##
.........##.... #...#..#
...............##......# ###
...#..... #..........#####..
....#...###..........###...#
#..................##....


You could see a komodo dragon and a black bear.

Vanquished Creatures
  Pikel (D:6)
  A manticore (D:9)
  Joseph (D:9)
  3 cane toads
  Maggie (D:9)
  Psyche (D:9)
  3 komodo dragons (Lair:1)
  15 yaks
  A wyvern (D:7)
  Eustachio (D:6)
  2 steam dragons
  3 water moccasins
  3 sky beasts
  3 orc warriors
  4 ice beasts
  A black bear (Lair:1)
  3 ogres
  3 wolves (Lair:1)
  4 centaurs
  2 phantoms
  2 kobold brigands
  Blork the orc (D:5)
  6 bullfrogs
  2 scorpions
  2 gnoll sergeants
  3 howler monkeys
  4 jellies
  4 hounds
  A sleepcap (D:6)
  3 iguanas
  8 orc wizards
  5 gnolls
  8 adders
  A shadow imp (D:5)
  2 white imps (D:7)
  An ufetubus (D:7)
  A worm (D:5)
  35 orcs
  6 bats
  2 endoplasms
  6 giant cockroaches
  4 goblins
  9 hobgoblins
  3 jackals (D:4)
  17 kobolds
  3 quokkas
  10 ball pythons
  2 frilled lizards
  6 rats
213 creatures vanquished.

Vanquished Creatures (others)
  A shadow (D:9)
  A fungus (D:3)
  2 toadstools (D:3)
4 creatures vanquished.

Grand Total: 217 creatures vanquished

Notes
Turn   | Place    | Note
-------+----------+-------------------------------------------
     0 | D:1      | ProzacElf the Human Cinder Acolyte began the quest for the
                  | Orb.
     0 | D:1      | Reached XP level 1. HP: 18/18 MP: 2/2
   223 | D:1      | Reached XP level 2. HP: 24/24 MP: 3/3
   905 | D:2      | Reached XP level 3. HP: 29/29 MP: 4/4
  1173 | D:2      | Reached XP level 4. HP: 35/35 MP: 5/5
  1975 | D:3      | Identified the +10 dagger of Doubt {vamp, Fly rPois Str-2
                  | Dex+2}
  2008 | D:3      | Found a runed translucent door.
  2273 | D:3      | Reached XP level 5. HP: 40/41 MP: 6/6
  2323 | D:3      | Found a sacrificial altar of Ru.
  2337 | D:3      | Found an ancient bone altar of Kikubaaqudgha.
  2390 | D:3      | Found a blossoming altar of Fedhas.
  2391 | D:3      | Found a basalt altar of Yredelemnul.
  2392 | D:3      | Found an opulent altar of Gozag.
  2395 | D:3      | Found a shimmering blue altar of Sif Muna.
  2599 | D:3      | Noticed zazu2006's ghost (amateur GnWn)
  2920 | D:4      | Noticed a phantom
  2929 | D:4      | Killed a phantom
  2930 | D:4      | Reached XP level 6. HP: 43/47 MP: 7/7
  3020 | D:4      | Noticed an ogre
  3030 | D:4      | Killed an ogre
  3031 | D:4      | Reached skill level 5 in Polearms
  3031 | D:4      | Reached skill level 5 in Fire Magic
  3278 | D:4      | Identified the +1 robe of Avupoxon {+Blink}
  3408 | D:5      | Entered Level 5 of the Dungeon
  3472 | D:5      | Reached skill level 1 in Evocations
  3490 | D:5      | Reached XP level 7. HP: 49/52 MP: 8/8
  3586 | D:5      | Reached skill level 2 in Evocations
  3678 | D:4      | Reached skill level 3 in Evocations
  3777 | D:5      | Found a staircase to the Ecumenical Temple.
  3801 | D:5      | Reached XP level 8. HP: 58/58 MP: 9/9
  3931 | D:5      | Found a sparkling altar of Nemelex Xobeh.
  3932 | D:5      | Found a shimmering altar of Xom.
  3979 | D:5      | Reached skill level 4 in Evocations
  4129 | D:6      | Found a snail-covered altar of Cheibriados.
  4406 | D:6      | Reached skill level 5 in Evocations
  4494 | D:6      | Found a white marble altar of Elyvilon.
  4730 | D:6      | Noticed Pikel
  4756 | D:6      | Killed Pikel
  4757 | D:6      | Reached skill level 7 in Evocations
  4757 | D:6      | Reached XP level 9. HP: 50/63 MP: 10/10
  4878 | D:6      | Noticed Eustachio
  4879 | D:6      | Noticed Blork the orc
  4895 | D:5      | Killed Blork the orc
  5019 | D:6      | Killed Eustachio
  5020 | D:6      | Reached skill level 8 in Evocations
  5454 | D:5      | Gained mutation: You are frail. (-10% HP) [potion of
                  | mutation]
  5454 | D:5      | Gained mutation: Your body sometimes deteriorates upon
                  | taking damage. [potion of mutation]
  5454 | D:5      | Gained mutation: You are agile. (Dex +4, Str/Int -1)
                  | [potion of mutation]
  5957 | D:6      | Reached skill level 9 in Evocations
  6955 | D:7      | Identified the +0 scale mail "Saqopas" {Harm Will+ Stlth-}
  7134 | D:7      | Identified the +2 leather armour "Napadin" {Will+}
  7169 | D:7      | Reached skill level 10 in Evocations
  7169 | D:7      | Reached XP level 10. HP: 50/63 MP: 11/11
  7180 | D:7      | Reached skill level 1 in Short Blades
  7180 | D:7      | Reached skill level 1 in Dodging
  7412 | D:7      | Found Pyckaih's Magic Scroll Shoppe.
  7420 | D:7      | Bought a scroll of teleportation for 39 gold pieces
  8015 | D:7      | Found a shadowy altar of Dithmenos.
  8069 | D:7      | Noticed a two-headed ogre
  8947 | D:8      | Reached skill level 5 in Short Blades
  8947 | D:8      | Reached skill level 5 in Dodging
  9234 | D:8      | Found a runed translucent gate.
  9234 | D:8      | Found a runed translucent gate.
  9235 | D:8      | Found a runed translucent gate.
  9236 | D:8      | Noticed cheesebisquit's ghost (novice HONe)
  9622 | D:9      | Noticed Joseph
  9647 | D:9      | Killed Joseph
  9648 | D:9      | Reached XP level 11. HP: 60/67 MP: 12/12
  9685 | D:9      | Noticed Maggie
  9722 | D:9      | Killed Maggie
  9815 | D:9      | Noticed a manticore
  9832 | D:9      | Killed a manticore
 10023 | D:9      | Reached skill level 1 in Armour
 10155 | D:9      | Found an ornate altar of the Wu Jian Council.
 10171 | D:9      | Found a staircase to the Lair.
 10197 | D:9      | Noticed Psyche
 10214 | D:9      | Killed Psyche
 11002 | Lair:1   | Entered Level 1 of the Lair of Beasts
 11023 | D:9      | Reached skill level 5 in Fighting
 11099 | Lair:1   | Reached skill level 5 in Armour
 11222 | Lair:1   | Reached skill level 1 in Stealth
 11305 | Lair:1   | Reached skill level 1 in Throwing
 11455 | Lair:1   | Slain by a komodo dragon

Illustrated notes

Levels and vault maps discovered:
D:1:      nicolae_arrival_memento_mori, layout_basic
D:2:      layout_basic, st_stairs_13, minmay_octomino_j4
D:3:      layout_basic, grunt_temple_overflow_open,
          ebering_ghost_reflecting_pool, minmay_gold_behind_fungi, fountainhead,
          st_stairs_9
D:4:      layout_cave_pods, grunt_ministairs_3, abandoned_shop
D:5:      layout_rooms, gammafunk_temple_overflow_statue,
          minmay_temple_entry_ruins
D:6:      layout_layer_cave, lemuel_tele_altar, cheibriados_altar_1,
          sword_in_stone, uniq_pikel
D:7:      minmay_clustersquares, layout_basic, mainiacjoe_overflow_boulevard,
          serial_shops, nicolae_stop_n_shop_1
D:8:      layout_loops_ring, gammafunk_ghost_necromancy
D:9:      layout_grid_maze, mainiacjoe_overflow_24_doors, lair_entry_dummy,
          uniq_joseph, uniq_psyche, uniq_maggie
Lair:1:   layout_misc_corridors, st_stairs_8, beast_lair_carwin_4,
          grunt_megastairs_4

Skill      XL: |  1  2  3  4  5  6  7  8  9 10 11 |
---------------+----------------------------------+-----
Polearms       | 4 5 6 8 |  8.0
Fire Magic     | 4 5 |  5.0
Evocations     | 1 3 7 10 | 10.0
Short Blades   | 7 8 |  8.0
Dodging        | 5 |  5.0
Armour         | 5 |  5.0
Fighting       | 5 |  5.0
Stealth        | 2 |  2.5
Throwing       | 2 |  2.2
Spellcasting   | 2 |  2.3

Action                     |  1- 3 |  4- 6 |  7- 9 | 10-12 || total
---------------------------+-------+-------+-------+-------++-------
  Melee: Spear             |   102 |    45 |       |       ||   147
         Punch             |     3 |     1 |     6 |     6 ||    16
         Dagger            |       |   120 |   301 |   623 ||  1044
  Throw: Dart              |       |     5 |     3 |     7 ||    15
    Use: Scroll            |       |       |     8 |       ||     8
         Potion            |       |       |     3 |     1 ||     4
   Stab: Invisible         |       |       |     1 |       ||     1
         Sleeping          |       |       |       |     1 ||     1
 Armour: Leather armour    |    19 |    35 |   110 |   179 ||   343
         Chain mail        |       |    16 |       |       ||    16
  Dodge: Dodged            |    56 |    89 |   144 |   267 ||   556

Action                     |  1- 3 |  4- 6 |  7- 9 | 10-12 || total
---------------------------+-------+-------+-------+-------++-------
  Melee: Spear             |   102 |    45 |       |       ||   147
         Punch             |     3 |     1 |     6 |     6 ||    16
         Dagger            |       |   120 |   301 |   623 ||  1044
  Throw: Dart              |       |     5 |     3 |     7 ||    15
    Use: Scroll            |       |       |     8 |       ||     8
         Potion            |       |       |     3 |     1 ||     4
   Stab: Invisible         |       |       |     1 |       ||     1
         Sleeping          |       |       |       |     1 ||     1
 Armour: Leather armour    |    19 |    35 |   110 |   179 ||   343
         Chain mail        |       |    16 |       |       ||    16
  Dodge: Dodged            |    56 |    89 |   144 |   267 ||   556

Levels and vault maps discovered:
D:1:      nicolae_arrival_memento_mori, layout_basic
D:2:      layout_basic, st_stairs_13, minmay_octomino_j4
D:3:      layout_basic, grunt_temple_overflow_open,
          ebering_ghost_reflecting_pool, minmay_gold_behind_fungi, fountainhead,
          st_stairs_9
D:4:      layout_cave_pods, grunt_ministairs_3, abandoned_shop
D:5:      layout_rooms, gammafunk_temple_overflow_statue,
          minmay_temple_entry_ruins
D:6:      layout_layer_cave, lemuel_tele_altar, cheibriados_altar_1,
          sword_in_stone, uniq_pikel
D:7:      minmay_clustersquares, layout_basic, mainiacjoe_overflow_boulevard,
          serial_shops, nicolae_stop_n_shop_1
D:8:      layout_loops_ring, gammafunk_ghost_necromancy
D:9:      layout_grid_maze, mainiacjoe_overflow_24_doors, lair_entry_dummy,
          uniq_joseph, uniq_psyche, uniq_maggie
Lair:1:   layout_misc_corridors, st_stairs_8, beast_lair_carwin_4,
          grunt_megastairs_4
